Colorado Rockies vs Vegas Golden Knights (R1)

Created - Wednesday, January 28, 2026 at 07:51

Goals
1 2 3 T
Colorado Rockies 1 1 2 4
Vegas Golden Knights 2 2 1 5
Shots
1 2 3 T
Colorado Rockies 9 13 13 35
Vegas Golden Knights 9 16 10 35

1st period

1. Vegas Golden Knights , Auston Matthews 6 (Mika Zibanejad 8, Mathew Barzal 5) at 8:04
2. Colorado Rockies , Elias Pettersson 3 (Vince Dunn 3) at 9:00
3. Vegas Golden Knights , Tyler Toffoli 5 (Jared McCann 5, Sean Monahan 6) at 17:58

Penalties :
Zach Bogosian (VGK) for Slashing (Minor) at 1:46, Mika Zibanejad (VGK) for Interference (Minor) at 5:56, Erik Johnson (VGK) for Holding (Minor) at 13:55

2nd period

4. Vegas Golden Knights , Mathew Barzal 3 (Zach Bogosian 4, Reilly Smith 3) at 4:17
5. Vegas Golden Knights , Sean Monahan 2 (Tyler Toffoli 4) at 14:50
6. Colorado Rockies , Michael Bunting 2 (Andrew Peeke 1, Nick Schmaltz 5) at 18:48

Penalties :
No Penalty

3rd period

7. Colorado Rockies , Jesper Bratt 2 (David Pastrnak 2, Darren Raddysh 6) at 0:50
8. Vegas Golden Knights , Mika Zibanejad 3 (Auston Matthews 4, Mathew Barzal 6) at 3:11
9. Colorado Rockies , Quinn Hughes 1 (Elias Pettersson 3, Kyle Connor 4) at 15:56 (PP)

Penalties :
Cam Fowler (COL) for Delaying the game (Minor) at 7:30, Roman Josi (VGK) for Cross-checking (Minor) at 9:25, Travis Hamonic (VGK) for Tripping (Minor) at 15:22, Auston Matthews (VGK) for Cross-checking (Minor) at 18:12

Goalie Stats

Joey Daccord (COL), 30 saves from 35 shots - (0.857), L, 0-5-1, 59:38 minutes
Mackenzie Blackwood (VGK), 31 saves from 35 shots - (0.886), W, 4-2-1, 60:00 minutes

Players Stats for Colorado Rockies

Player Name              G  A  P  +/- PIM S  H  SB GA TA FO     MP     PP MP  PK MP  
------------------------------------------------------------------------------------
Andrew Peeke             0  1  1   1  0   0  2  2  0  0  0/0    17:47   1:11   0:52 
Cam Fowler               0  0  0  -1  2   0  3  2  0  1  0/0    21:41   5:05   0:00 
Casey Cizikas            0  0  0  -3  0   2  1  0  1  0  2/10   13:05   0:00   0:44 
Danton Heinen            0  0  0  -3  0   2  0  1  0  0  0/1    12:21   0:00   0:00 
Darren Raddysh           0  1  1  -1  0   2  1  0  0  1  0/0    21:49   4:09   1:03 
David Pastrnak           0  1  1   1  0   5  1  0  0  0  2/4    16:38   5:00   0:00 
Elias Pettersson         1  1  2   1  0   1  3  0  1  0  5/14   17:28   4:52   0:44 
Jesper Bratt             1  0  1   1  0   4  1  1  2  0  0/1    17:03   4:17   0:58 
Kevin Hayes              0  0  0   0  0   1  0  0  0  0  5/10   12:14   0:00   0:13 
Kyle Connor              0  1  1   0  0   2  1  1  1  0  0/0    17:18   5:36   0:00 
Martin Fehervary         0  0  0  -2  0   0  2  1  0  1  0/0    21:27   4:53   1:03 
Michael Bunting          1  0  1   0  0   1  4  0  0  0  0/0    12:22   0:21   0:00 
Nick Schmaltz            0  1  1   0  0   3  1  1  0  0  0/0    16:45   4:17   0:13 
Pavel Dorofeyev          0  0  0   0  0   1  0  0  0  0  1/1    11:54   0:20   0:00 
Philipp Kurashev         0  0  0  -3  0   4  1  0  0  0  0/2    12:21   0:00   0:00 
Quinn Hughes             1  0  1  -2  0   4  1  1  1  3  0/0    21:16   4:53   0:52 
Tim Stutzle              0  0  0   0  0   1  3  0  0  1  6/16   17:36   5:00   0:58 
Vince Dunn               0  1  1   1  0   2  2  0  0  0  0/0    16:55   1:11   0:00 

Players Stats for Vegas Golden Knights

Player Name              G  A  P  +/- PIM S  H  SB GA TA FO     MP     PP MP  PK MP  
------------------------------------------------------------------------------------
Andreas Athanasiou       0  0  0   0  0   1  0  0  0  0  4/5    11:56   0:00   5:10 
Anthony Mantha           0  0  0   0  0   1  0  0  0  0  0/0     7:50   1:04   0:00 
Auston Matthews          1  1  2   0  2   3  1  0  0  1  0/0    14:17   0:57   0:40 
Bryan Rust               0  0  0  -1  0   3  0  0  1  0  0/0    13:25   0:57   0:00 
Erik Johnson             0  0  0   1  2   0  0  0  0  0  0/0    17:28   0:00   3:40 
Jack Johnson             0  0  0   0  0   0  0  0  1  1  0/0    18:43   0:00   4:37 
Jared McCann             0  1  1   2  0   3  1  0  0  0  0/1    15:16   0:58   0:00 
Jordan Staal             0  0  0   0  0   0  1  1  0  1  15/18  18:30   0:00   4:23 
Mathew Barzal            1  2  3   1  0   4  1  0  1  0  0/2    14:23   0:51   0:37 
Mathieu Olivier          0  0  0   0  0   1  0  2  0  0  0/1    11:56   0:00   5:10 
Mika Zibanejad           1  1  2   0  2   6  1  1  0  0  11/15  13:40   0:57   0:03 
Reilly Smith             0  1  1   0  0   3  1  1  1  1  0/0    18:30   0:00   4:23 
Roman Josi               0  0  0   1  2   2  1  1  0  1  0/0    20:13   0:50   1:59 
Sean Monahan             1  1  2   2  0   4  1  0  1  0  8/16   15:16   0:58   0:00 
Thomas Chabot            0  0  0   1  0   0  0  0  0  0  0/0    23:42   1:04   5:19 
Travis Hamonic           0  0  0   1  2   0  1  0  0  0  0/0    16:56   0:00   0:00 
Tyler Toffoli            1  1  2   2  0   3  1  1  2  0  0/1    15:16   0:58   0:00 
Zach Bogosian            0  1  1   0  2   1  2  1  0  1  0/0    22:20   0:00   4:51 

3 Stars

1 - Mathew Barzal (VGK)
2 - Tyler Toffoli (VGK)
3 - Sean Monahan (VGK)

Power Play

Colorado Rockies - 1 on 6 Attempt(s) - 16.67%
Vegas Golden Knights - 0 on 1 Attempt(s) - 0.00%

Penalty Kill

Colorado Rockies - 1 on 1 Attempt(s) - 100.00% - Score 0 goal in Penalty Kill
Vegas Golden Knights - 5 on 6 Attempt(s) - 83.33% - Score 0 goal in Penalty Kill

Team Stat

Colorado Rockies - Hits : 27 - Faceoff Wins : 21 - Blocked Shots : 10 - Penalty Minutes : 2
Vegas Golden Knights - Hits : 12 - Faceoff Wins : 38 - Blocked Shots : 8 - Penalty Minutes : 12

Official

Referees : Eric Furlatt and Kyle Rehman
Linesman : Ryan Daisy and Devin Berg

Game Notes

No Game Note

Finance

Level 1 -- Attendance: 5807 (96.78%) -- Ticket Income $551,665
Level 2 -- Attendance: 4536 (90.72%) -- Ticket Income $249,480
Level 3 -- Attendance: 2889 (96.30%) -- Ticket Income $86,670
Level 4 -- Attendance: 4366 (87.32%) -- Ticket Income $87,320
Luxury Box -- Attendance: 854 (85.40%) -- Ticket Income $162,260
Game was played at the T-Mobile Arena.
Total Attendance: 18452 (92.26%)
Total Ticket Income: $1,137,395
Other Income: $398,088
Total Income: $1,535,483

Colorado Rockies

5 vs 5 Forward 
   Center                   Left Wing                Right Wing               Time % Phy DF OF 
 1 Tim Stutzle              Kyle Connor              Pavel Dorofeyev          25     0   1  4  
 2 Elias Pettersson         Jesper Bratt             David Pastrnak           25     0   2  3  
 3 Kevin Hayes              Nick Schmaltz            Michael Bunting          25     1   3  1  
 4 Casey Cizikas            Danton Heinen            Philipp Kurashev         25     1   3  1  

5 vs 5 Defense 
   Defense                  Defense                                           Time % Phy DF OF 
 1 Martin Fehervary         Quinn Hughes                                      33     1   2  2  
 2 Cam Fowler               Darren Raddysh                                    33     1   2  2  
 3 Vince Dunn               Andrew Peeke                                      33     1   2  2  
 4 Martin Fehervary         Quinn Hughes                                      1      1   2  2  

PowerPlay Forward 
   Center                   Left Wing                Right Wing               Time % Phy DF OF 
 1 Tim Stutzle              Kyle Connor              David Pastrnak           50     0   1  4  
 2 Elias Pettersson         Jesper Bratt             Nick Schmaltz            50     1   2  2  

PowerPlay Defense
   Defense                  Defense                                           Time % Phy DF OF 
 1 Martin Fehervary         Quinn Hughes                                      50     1   2  2  
 2 Cam Fowler               Darren Raddysh                                    50     1   2  2  

Penalty Kill 4 Players Forward 
   Center                   Wing                     Time % Phy DF OF 
 1 Tim Stutzle              Jesper Bratt             50     1   2  2  
 2 Casey Cizikas            Elias Pettersson         50     1   2  2  

Penalty Kill 4 Players Defense
   Defense                  Defense                  Time % Phy DF OF 
 1 Martin Fehervary         Darren Raddysh           50     1   2  2  
 2 Cam Fowler               Andrew Peeke             50     1   2  2  

Penalty Kill - 3 Players Forward 
   Forward                                           Time % Phy DF OF 
 1 Tim Stutzle                                       50     1   2  2  
 2 Casey Cizikas                                     50     1   2  2  

Penalty Kill - 3 Players Defense
   Defense                  Defense                  Time % Phy DF OF 
 1 Martin Fehervary         Darren Raddysh           50     1   2  2  
 2 Cam Fowler               Andrew Peeke             50     1   2  2  

4 vs 4 Forward 
   Center                   Wing                     Time % Phy DF OF 
 1 Tim Stutzle              David Pastrnak           50     1   2  2  
 2 Elias Pettersson         Kyle Connor              50     1   2  2  

4 vs 4 Defense
   Defense                  Defense                  Time % Phy DF OF 
 1 Martin Fehervary         Quinn Hughes             50     1   2  2  
 2 Cam Fowler               Andrew Peeke             50     1   2  2  

Last Minutes Offensive
   Center                   Left Wing                Right Wing               Defense                  Defense                  
   Tim Stutzle              Kyle Connor              David Pastrnak           Martin Fehervary         Darren Raddysh           

Last Minutes Defensive
   Center                   Left Wing                Right Wing               Defense                  Defense                  
   Tim Stutzle              Kyle Connor              David Pastrnak           Martin Fehervary         Darren Raddysh           

Goaltenders
Starting : Joey Daccord             
Backup : Daniil Tarasov           

Extra Forwards
Normal : Pavel Dorofeyev, Michael Bunting, Kevin Hayes - PP : Pavel Dorofeyev, Michael Bunting - PK : Kevin Hayes
Extra Defensemen
Normal : Vince Dunn, Darren Raddysh, Cam Fowler - PP : Vince Dunn - PK : Darren Raddysh, Cam Fowler
Penalty Shots
Tim Stutzle, David Pastrnak, Kyle Connor, Elias Pettersson, Jesper Bratt

Scratches
None

Vegas Golden Knights

5 vs 5 Forward 
   Center                   Left Wing                Right Wing               Time % Phy DF OF 
 1 Mika Zibanejad           Auston Matthews          Bryan Rust               30     1   2  2  
 2 Sean Monahan             Jared McCann             Tyler Toffoli            30     1   2  2  
 3 Jordan Staal             Mathew Barzal            Reilly Smith             25     1   2  2  
 4 Andreas Athanasiou       Anthony Mantha           Mathieu Olivier          15     1   2  2  

5 vs 5 Defense 
   Defense                  Defense                                           Time % Phy DF OF 
 1 Roman Josi               Zach Bogosian                                     35     1   2  2  
 2 Thomas Chabot            Travis Hamonic                                    35     1   2  2  
 3 Jack Johnson             Erik Johnson                                      30     1   2  2  
 4 Roman Josi               Thomas Chabot                                     0      1   2  2  

PowerPlay Forward 
   Center                   Left Wing                Right Wing               Time % Phy DF OF 
 1 Mika Zibanejad           Auston Matthews          Bryan Rust               50     1   2  2  
 2 Sean Monahan             Jared McCann             Tyler Toffoli            50     1   2  2  

PowerPlay Defense
   Defense                  Defense                                           Time % Phy DF OF 
 1 Mathew Barzal            Roman Josi                                        50     1   2  2  
 2 Anthony Mantha           Thomas Chabot                                     50     1   2  2  

Penalty Kill 4 Players Forward 
   Center                   Wing                     Time % Phy DF OF 
 1 Jordan Staal             Reilly Smith             50     1   2  2  
 2 Andreas Athanasiou       Mathieu Olivier          50     1   2  2  

Penalty Kill 4 Players Defense
   Defense                  Defense                  Time % Phy DF OF 
 1 Thomas Chabot            Zach Bogosian            50     1   2  2  
 2 Jack Johnson             Erik Johnson             50     1   2  2  

Penalty Kill - 3 Players Forward 
   Forward                                           Time % Phy DF OF 
 1 Jordan Staal                                      50     1   2  2  
 2 Andreas Athanasiou                                50     1   2  2  

Penalty Kill - 3 Players Defense
   Defense                  Defense                  Time % Phy DF OF 
 1 Thomas Chabot            Zach Bogosian            50     1   2  2  
 2 Jack Johnson             Erik Johnson             50     1   2  2  

4 vs 4 Forward 
   Center                   Wing                     Time % Phy DF OF 
 1 Mika Zibanejad           Auston Matthews          50     1   2  2  
 2 Sean Monahan             Bryan Rust               50     1   2  2  

4 vs 4 Defense
   Defense                  Defense                  Time % Phy DF OF 
 1 Roman Josi               Zach Bogosian            50     1   2  2  
 2 Thomas Chabot            Travis Hamonic           50     1   2  2  

Last Minutes Offensive
   Center                   Left Wing                Right Wing               Defense                  Defense                  
   Mika Zibanejad           Auston Matthews          Bryan Rust               Roman Josi               Thomas Chabot            

Last Minutes Defensive
   Center                   Left Wing                Right Wing               Defense                  Defense                  
   Jordan Staal             Auston Matthews          Bryan Rust               Thomas Chabot            Zach Bogosian            

Goaltenders
Starting : Mackenzie Blackwood      
Backup : Philipp Grubauer         

Extra Forwards
Normal : Sean Monahan, Auston Matthews, Mika Zibanejad - PP : Jordan Staal, Reilly Smith - PK : Auston Matthews
Extra Defensemen
Normal : Thomas Chabot, Roman Josi, Zach Bogosian - PP : Thomas Chabot - PK : Roman Josi, Thomas Chabot
Penalty Shots
Auston Matthews, Mika Zibanejad, Bryan Rust, Sean Monahan, Tyler Toffoli

Scratches
Brendan Smith (Healthy), Shea Theodore (Torso Injury), Cole Smith (Healthy)

% Time on Ice - Colorado Rockies

Lines # - Real PCT - Wanted PCT - Time Play
Normal Forward
1 - 24% - 25% - 11:38
2 - 25% - 25% - 11:48
3 - 25% - 25% - 12:01
4 - 26% - 25% - 12:21
Normal Defense
1 - 33% - 33% - 15:45
2 - 35% - 33% - 16:37
3 - 32% - 33% - 15:26
4 - 0% - 1% - 0:00
PP Forward
1 - 49% - 50% - 5:00
2 - 51% - 50% - 5:13
PP Defense
1 - 50% - 50% - 5:08
2 - 50% - 50% - 5:05
PK Forward
1 - 62% - 50% - 1:11
2 - 38% - 50% - 0:44
PK Defense
1 - 55% - 50% - 1:03
2 - 45% - 50% - 0:52
PK3 Forward
1 - 0% - 50%
2 - 0% - 50%
PK3 Defense
1 - 0% - 50%
2 - 0% - 50%
44 Forward
1 - 0% - 50% - 0:00
2 - 100% - 50% - 0:04
44 Defense
1 - 0% - 50% - 0:00
2 - 100% - 50% - 0:04
Last Minute Offensive  - 0:00
Last Minute Defensive  - 0:00
Total
Forward - 60:00
Defense - 60:00

% Time on Ice - Vegas Golden Knights

Lines # - Real PCT - Wanted PCT - Time Play
Normal Forward
1 - 29% - 30% - 13:58
2 - 30% - 30% - 14:18
3 - 27% - 25% - 12:46
4 - 14% - 15% - 6:46
Normal Defense
1 - 36% - 35% - 17:02
2 - 36% - 35% - 17:07
3 - 29% - 30% - 13:39
4 - 0% - 0% - 0:00
PP Forward
1 - 50% - 50% - 0:57
2 - 50% - 50% - 0:58
PP Defense
1 - 44% - 50% - 0:51
2 - 56% - 50% - 1:04
PK Forward
1 - 49% - 50% - 5:00
2 - 51% - 50% - 5:13
PK Defense
1 - 52% - 50% - 5:20
2 - 48% - 50% - 4:53
PK3 Forward
1 - 0% - 50%
2 - 0% - 50%
PK3 Defense
1 - 0% - 50%
2 - 0% - 50%
44 Forward
1 - 100% - 50% - 0:04
2 - 0% - 50% - 0:00
44 Defense
1 - 100% - 50% - 0:04
2 - 0% - 50% - 0:00
Last Minute Offensive  - 0:00
Last Minute Defensive  - 0:00
Total
Forward - 60:00
Defense - 60:00

Play-by-Play

1st period


0:01 of 1st period - Mika Zibanejad wins face-off versus Tim Stutzle in neutral zone.
0:10 of 1st period - Roman Josi is hit by Tim Stutzle and loses puck.
0:54 of 1st period - Slapshot by Danton Heinen.
0:54 of 1st period - Stopped by Mackenzie Blackwood without a rebound.
0:55 of 1st period - Andreas Athanasiou wins face-off versus Casey Cizikas in Vegas Golden Knights zone.
0:57 of 1st period - Anthony Mantha is hit by Andrew Peeke and loses puck.
1:01 of 1st period - Jack Johnson is hit by Vince Dunn.
1:22 of 1st period - Off-side.
1:23 of 1st period - Jordan Staal wins face-off versus Kevin Hayes in neutral zone.
1:46 of 1st period - Minor Penalty to Zach Bogosian for Slashing.
1:47 of 1st period - Jordan Staal wins face-off versus Tim Stutzle in Vegas Golden Knights zone.
2:14 of 1st period - Elias Pettersson is hit by Reilly Smith and loses puck.
2:21 of 1st period - Thomas Chabot is hit by Elias Pettersson and loses puck.
2:42 of 1st period - Erik Johnson is hit by Cam Fowler and loses puck.
2:50 of 1st period - Icing by Cam Fowler.
2:51 of 1st period - Elias Pettersson wins face-off versus Mathieu Olivier in Colorado Rockies zone.
3:46 of 1st period - Penalty to Zach Bogosian is over, Zach Bogosian is back on ice.
4:18 of 1st period - Jordan Staal is hit by Vince Dunn and loses puck.
5:26 of 1st period - Snap shot by Mathieu Olivier.
5:26 of 1st period - Shot Misses the Net.
5:56 of 1st period - Minor Penalty to Mika Zibanejad for Interference.
5:57 of 1st period - Andreas Athanasiou wins face-off versus Tim Stutzle in Vegas Golden Knights zone.
6:08 of 1st period - Andreas Athanasiou is hit by Darren Raddysh and loses puck.
6:31 of 1st period - Snap shot by Elias Pettersson.
6:31 of 1st period - Shot Blocked by Zach Bogosian.
7:29 of 1st period - Elias Pettersson is hit by Mathew Barzal and loses puck.
7:56 of 1st period - Penalty to Mika Zibanejad is over, Mika Zibanejad is back on ice.
8:02 of 1st period - Wrist shot by Mika Zibanejad.
8:02 of 1st period - Shot Misses the Net.
8:04 of 1st period - Wrist shot by Auston Matthews.
8:04 of 1st period - Goal by Auston Matthews - Colorado Rockies : 0 - Vegas Golden Knights : 1.
8:05 of 1st period - Sean Monahan wins face-off versus Kevin Hayes in neutral zone.
8:08 of 1st period - Nick Schmaltz is hit by Tyler Toffoli.
8:22 of 1st period - Sean Monahan is hit by Michael Bunting and loses puck.
9:00 of 1st period - Wrist shot by Elias Pettersson.
9:00 of 1st period - Goal by Elias Pettersson - Colorado Rockies : 1 - Vegas Golden Knights : 1.
9:01 of 1st period - David Pastrnak wins face-off versus Sean Monahan in neutral zone.
9:28 of 1st period - Reilly Smith is hit by Tim Stutzle and loses puck.
9:38 of 1st period - Off-side.
9:39 of 1st period - Sean Monahan wins face-off versus Casey Cizikas in neutral zone.
10:10 of 1st period - Icing by Thomas Chabot.
10:11 of 1st period - Tim Stutzle wins face-off versus Jordan Staal in Vegas Golden Knights zone.
10:20 of 1st period - Wrist shot by Tim Stutzle.
10:20 of 1st period - Shot Misses the Net.
10:31 of 1st period - Icing by Martin Fehervary.
10:32 of 1st period - Tim Stutzle wins face-off versus Sean Monahan in Colorado Rockies zone.
11:09 of 1st period - Snap shot by Nick Schmaltz.
11:09 of 1st period - Stopped by Mackenzie Blackwood with a rebound.
11:15 of 1st period - Wrist shot by Bryan Rust.
11:15 of 1st period - Stopped by Joey Daccord without a rebound.
11:16 of 1st period - Andreas Athanasiou wins face-off versus Elias Pettersson in Colorado Rockies zone.
11:48 of 1st period - Wrist shot by Bryan Rust.
11:48 of 1st period - Shot Hit the Post.
12:47 of 1st period - Roman Josi is hit by Jesper Bratt.
13:55 of 1st period - Minor Penalty to Erik Johnson for Holding.
13:56 of 1st period - Jordan Staal wins face-off versus Elias Pettersson in Vegas Golden Knights zone.
13:56 of 1st period - Jordan Staal is hit by Martin Fehervary.
14:04 of 1st period - Snap shot by Jordan Staal.
14:04 of 1st period - Shot Blocked by Nick Schmaltz.
14:26 of 1st period - Slapshot by David Pastrnak.
14:26 of 1st period - Stopped by Mackenzie Blackwood with a rebound.
14:28 of 1st period - Backhand shot by Quinn Hughes.
14:28 of 1st period - Stopped by Mackenzie Blackwood with a rebound.
14:30 of 1st period - Snap shot by David Pastrnak.
14:30 of 1st period - Shot Misses the Net.
15:55 of 1st period - Penalty to Erik Johnson is over, Erik Johnson is back on ice.
16:08 of 1st period - Snap shot by Auston Matthews.
16:08 of 1st period - Stopped by Joey Daccord without a rebound.
16:09 of 1st period - Mika Zibanejad wins face-off versus Casey Cizikas in Colorado Rockies zone.
16:20 of 1st period - Snap shot by Philipp Kurashev.
16:20 of 1st period - Deflect By Auston Matthews.
16:20 of 1st period - Stopped by Mackenzie Blackwood without a rebound.
16:21 of 1st period - Sean Monahan wins face-off versus Casey Cizikas in Vegas Golden Knights zone.
16:40 of 1st period - Travis Hamonic is hit by Quinn Hughes and loses puck.
17:58 of 1st period - Wrist shot by Tyler Toffoli.
17:58 of 1st period - Goal by Tyler Toffoli - Colorado Rockies : 1 - Vegas Golden Knights : 2.
17:59 of 1st period - Kevin Hayes wins face-off versus Mika Zibanejad in neutral zone.
18:31 of 1st period - Slapshot by David Pastrnak.
18:31 of 1st period - Stopped by Mackenzie Blackwood with a rebound.
19:18 of 1st period - Slapshot by Jared McCann.
19:18 of 1st period - Deflect By Tyler Toffoli.
19:18 of 1st period - Stopped by Joey Daccord with a rebound.
19:20 of 1st period - Slapshot by Sean Monahan.
19:20 of 1st period - Stopped by Joey Daccord with a rebound.
19:22 of 1st period - Wrist shot by Tyler Toffoli.
19:22 of 1st period - Shot Misses the Net.
19:24 of 1st period - Slapshot by Jared McCann.
19:24 of 1st period - Shot Misses the Net.
19:26 of 1st period - Wrist shot by Zach Bogosian.
19:26 of 1st period - Stopped by Joey Daccord with a rebound.
19:28 of 1st period - Wrist shot by Jared McCann.
19:28 of 1st period - Shot Blocked by Martin Fehervary.
19:30 of 1st period - Snap shot by Zach Bogosian.
19:30 of 1st period - Shot Blocked by Quinn Hughes.
19:32 of 1st period - Snap shot by Tyler Toffoli.
19:32 of 1st period - Stopped by Joey Daccord without a rebound.
19:33 of 1st period - Mika Zibanejad wins face-off versus Elias Pettersson in Colorado Rockies zone.
19:36 of 1st period - Slapshot by Mika Zibanejad.
19:36 of 1st period - Stopped by Joey Daccord without a rebound.
19:37 of 1st period - Mika Zibanejad wins face-off versus David Pastrnak in Colorado Rockies zone.
19:38 of 1st period - Snap shot by Auston Matthews.
19:38 of 1st period - Shot Blocked by Cam Fowler.
19:52 of 1st period - Snap shot by David Pastrnak.
19:52 of 1st period - Stopped by Mackenzie Blackwood with a rebound.
19:54 of 1st period - Snap shot by Darren Raddysh.
19:54 of 1st period - Stopped by Mackenzie Blackwood with a rebound.
Goals for this period are 1 for Colorado Rockies vs 2 for Vegas Golden Knights.
Shots for this period are 9 for Colorado Rockies vs 9 for Vegas Golden Knights.

2nd period


0:01 of 2nd period - Jordan Staal wins face-off versus Elias Pettersson in neutral zone.
0:28 of 2nd period - Icing by Andrew Peeke.
0:29 of 2nd period - Mika Zibanejad wins face-off versus Kevin Hayes in Colorado Rockies zone.
0:54 of 2nd period - Slapshot by Nick Schmaltz.
0:54 of 2nd period - Stopped by Mackenzie Blackwood with a rebound.
0:56 of 2nd period - Snap shot by Kevin Hayes.
0:56 of 2nd period - Stopped by Mackenzie Blackwood without a rebound.
0:57 of 2nd period - Jordan Staal wins face-off versus Casey Cizikas in Vegas Golden Knights zone.
1:10 of 2nd period - Mathew Barzal is hit by Martin Fehervary and loses puck.
1:23 of 2nd period - Wrist shot by David Pastrnak.
1:23 of 2nd period - Stopped by Mackenzie Blackwood with a rebound.
1:25 of 2nd period - Slapshot by Jesper Bratt.
1:25 of 2nd period - Stopped by Mackenzie Blackwood with a rebound.
1:29 of 2nd period - Slapshot by David Pastrnak.
1:29 of 2nd period - Stopped by Mackenzie Blackwood without a rebound.
1:30 of 2nd period - Elias Pettersson wins face-off versus Sean Monahan in Vegas Golden Knights zone.
2:23 of 2nd period - Snap shot by Auston Matthews.
2:23 of 2nd period - Shot Blocked by Danton Heinen.
4:09 of 2nd period - Snap shot by Mathew Barzal.
4:09 of 2nd period - Shot Blocked by Andrew Peeke.
4:11 of 2nd period - Slapshot by Reilly Smith.
4:11 of 2nd period - Stopped by Joey Daccord with a rebound.
4:13 of 2nd period - Wrist shot by Mathew Barzal.
4:13 of 2nd period - Shot Misses the Net.
4:15 of 2nd period - Snap shot by Mathew Barzal.
4:15 of 2nd period - Shot Misses the Net.
4:17 of 2nd period - Wrist shot by Zach Bogosian.
4:17 of 2nd period - Deflect By Mathew Barzal.
4:17 of 2nd period - Goal by Mathew Barzal - Colorado Rockies : 1 - Vegas Golden Knights : 3.
4:18 of 2nd period - Pavel Dorofeyev wins face-off versus Sean Monahan in neutral zone.
5:23 of 2nd period - Wrist shot by Kevin Hayes.
5:23 of 2nd period - Shot Blocked by Mathieu Olivier.
5:25 of 2nd period - Wrist shot by Vince Dunn.
5:25 of 2nd period - Stopped by Mackenzie Blackwood without a rebound.
5:26 of 2nd period - Sean Monahan wins face-off versus Elias Pettersson in Vegas Golden Knights zone.
5:26 of 2nd period - Sean Monahan is hit by Elias Pettersson.
5:52 of 2nd period - Icing by Elias Pettersson.
5:53 of 2nd period - Mika Zibanejad wins face-off versus Jesper Bratt in Colorado Rockies zone.
6:00 of 2nd period - Wrist shot by Mika Zibanejad.
6:00 of 2nd period - Stopped by Joey Daccord with a rebound.
7:34 of 2nd period - Slapshot by Auston Matthews.
7:34 of 2nd period - Shot Misses the Net.
7:37 of 2nd period - Icing by Elias Pettersson.
7:38 of 2nd period - Jordan Staal wins face-off versus Elias Pettersson in Colorado Rockies zone.
7:43 of 2nd period - Snap shot by Jordan Staal.
7:43 of 2nd period - Shot Blocked by Cam Fowler.
7:45 of 2nd period - Snap shot by Reilly Smith.
7:45 of 2nd period - Stopped by Joey Daccord with a rebound.
7:47 of 2nd period - Wrist shot by Reilly Smith.
7:47 of 2nd period - Shot Misses the Net.
7:49 of 2nd period - Wrist shot by Mathew Barzal.
7:49 of 2nd period - Stopped by Joey Daccord with a rebound.
7:51 of 2nd period - Backhand shot by Mathew Barzal.
7:51 of 2nd period - Stopped by Joey Daccord without a rebound.
7:52 of 2nd period - Sean Monahan wins face-off versus Tim Stutzle in Colorado Rockies zone.
8:19 of 2nd period - Danton Heinen is hit by Roman Josi.
8:41 of 2nd period - Vince Dunn is hit by Zach Bogosian.
8:47 of 2nd period - Andreas Athanasiou is hit by Nick Schmaltz and loses puck.
9:00 of 2nd period - Tyler Toffoli is hit by Tim Stutzle and loses puck.
9:23 of 2nd period - Icing by Erik Johnson.
9:24 of 2nd period - Andreas Athanasiou wins face-off versus Kevin Hayes in Vegas Golden Knights zone.
9:35 of 2nd period - Snap shot by Mathieu Olivier.
9:35 of 2nd period - Stopped by Joey Daccord without a rebound.
9:36 of 2nd period - Tim Stutzle wins face-off versus Sean Monahan in Colorado Rockies zone.
10:03 of 2nd period - Snap shot by Quinn Hughes.
10:03 of 2nd period - Stopped by Mackenzie Blackwood without a rebound.
10:04 of 2nd period - Jordan Staal wins face-off versus Casey Cizikas in Vegas Golden Knights zone.
10:11 of 2nd period - Snap shot by Roman Josi.
10:11 of 2nd period - Stopped by Joey Daccord with a rebound.
10:31 of 2nd period - Slapshot by Bryan Rust.
10:31 of 2nd period - Stopped by Joey Daccord with a rebound.
10:33 of 2nd period - Snap shot by Mika Zibanejad.
10:33 of 2nd period - Shot Misses the Net.
11:33 of 2nd period - Snap shot by Philipp Kurashev.
11:33 of 2nd period - Shot Misses the Net.
11:35 of 2nd period - Wrist shot by Philipp Kurashev.
11:35 of 2nd period - Stopped by Mackenzie Blackwood with a rebound.
11:37 of 2nd period - Snap shot by Casey Cizikas.
11:37 of 2nd period - Shot Misses the Net.
11:39 of 2nd period - Wrist shot by Casey Cizikas.
11:39 of 2nd period - Shot Misses the Net.
11:41 of 2nd period - Snap shot by Philipp Kurashev.
11:41 of 2nd period - Shot Blocked by Reilly Smith.
11:51 of 2nd period - Cam Fowler is hit by Mika Zibanejad and loses puck.
12:04 of 2nd period - Slapshot by Mika Zibanejad.
12:04 of 2nd period - Deflect By Cam Fowler.
12:04 of 2nd period - Stopped by Joey Daccord with a rebound.
12:20 of 2nd period - Tim Stutzle is hit by Jared McCann.
13:21 of 2nd period - Snap shot by David Pastrnak.
13:21 of 2nd period - Deflect By Jesper Bratt.
13:21 of 2nd period - Stopped by Mackenzie Blackwood with a rebound.
13:47 of 2nd period - Snap shot by Jared McCann.
13:47 of 2nd period - Stopped by Joey Daccord with a rebound.
14:46 of 2nd period - Slapshot by Jared McCann.
14:46 of 2nd period - Stopped by Joey Daccord without a rebound.
14:47 of 2nd period - Sean Monahan wins face-off versus Elias Pettersson in Colorado Rockies zone.
14:50 of 2nd period - Snap shot by Sean Monahan.
14:50 of 2nd period - Goal by Sean Monahan - Colorado Rockies : 1 - Vegas Golden Knights : 4.
14:51 of 2nd period - Tim Stutzle wins face-off versus Jordan Staal in neutral zone.
15:02 of 2nd period - Snap shot by Reilly Smith.
15:02 of 2nd period - Stopped by Joey Daccord without a rebound.
15:03 of 2nd period - Kevin Hayes wins face-off versus Sean Monahan in Colorado Rockies zone.
15:17 of 2nd period - Off-side.
15:18 of 2nd period - Jordan Staal wins face-off versus Casey Cizikas in neutral zone.
15:31 of 2nd period - Slapshot by Danton Heinen.
15:31 of 2nd period - Shot Misses the Net.
15:33 of 2nd period - Snap shot by Casey Cizikas.
15:33 of 2nd period - Stopped by Mackenzie Blackwood with a rebound.
15:45 of 2nd period - Quinn Hughes is hit by Zach Bogosian and loses puck.
15:52 of 2nd period - Snap shot by Mika Zibanejad.
15:52 of 2nd period - Stopped by Joey Daccord without a rebound.
15:53 of 2nd period - Kevin Hayes wins face-off versus Sean Monahan in Colorado Rockies zone.
16:34 of 2nd period - Wrist shot by Kyle Connor.
16:34 of 2nd period - Stopped by Mackenzie Blackwood without a rebound.
16:35 of 2nd period - Mika Zibanejad wins face-off versus Danton Heinen in Vegas Golden Knights zone.
16:35 of 2nd period - Mika Zibanejad is hit by Casey Cizikas.
17:01 of 2nd period - Jack Johnson is hit by Michael Bunting and loses puck.
17:24 of 2nd period - Wrist shot by Elias Pettersson.
17:24 of 2nd period - Shot Blocked by Mathieu Olivier.
17:47 of 2nd period - Wrist shot by Auston Matthews.
17:47 of 2nd period - Stopped by Joey Daccord without a rebound.
17:48 of 2nd period - Jordan Staal wins face-off versus Philipp Kurashev in Colorado Rockies zone.
18:42 of 2nd period - Snap shot by Nick Schmaltz.
18:42 of 2nd period - Stopped by Mackenzie Blackwood without a rebound.
18:43 of 2nd period - Kevin Hayes wins face-off versus Mika Zibanejad in Vegas Golden Knights zone.
18:44 of 2nd period - Snap shot by Nick Schmaltz.
18:44 of 2nd period - Shot Misses the Net.
18:46 of 2nd period - Slapshot by Andrew Peeke.
18:46 of 2nd period - Shot Misses the Net.
18:48 of 2nd period - Wrist shot by Michael Bunting.
18:48 of 2nd period - Goal by Michael Bunting - Colorado Rockies : 2 - Vegas Golden Knights : 4.
18:49 of 2nd period - Casey Cizikas wins face-off versus Mathew Barzal in neutral zone.
18:59 of 2nd period - Snap shot by Danton Heinen.
18:59 of 2nd period - Shot Misses the Net.
Goals for this period are 1 for Colorado Rockies vs 2 for Vegas Golden Knights.
Shots for this period are 13 for Colorado Rockies vs 16 for Vegas Golden Knights.

3rd period


0:01 of 3rd period - Mika Zibanejad wins face-off versus Philipp Kurashev in neutral zone.
0:08 of 3rd period - Wrist shot by Mika Zibanejad.
0:08 of 3rd period - Stopped by Joey Daccord with a rebound.
0:26 of 3rd period - Thomas Chabot is hit by Michael Bunting and loses puck.
0:50 of 3rd period - Wrist shot by Jesper Bratt.
0:50 of 3rd period - Goal by Jesper Bratt - Colorado Rockies : 3 - Vegas Golden Knights : 4.
0:51 of 3rd period - Jordan Staal wins face-off versus Tim Stutzle in neutral zone.
1:06 of 3rd period - Snap shot by Reilly Smith.
1:06 of 3rd period - Shot Blocked by Kyle Connor.
1:27 of 3rd period - Snap shot by Bryan Rust.
1:27 of 3rd period - Stopped by Joey Daccord with a rebound.
2:05 of 3rd period - Wrist shot by Anthony Mantha.
2:05 of 3rd period - Stopped by Joey Daccord with a rebound.
2:41 of 3rd period - Wrist shot by Nick Schmaltz.
2:41 of 3rd period - Shot Blocked by Jordan Staal.
3:07 of 3rd period - Snap shot by Mathew Barzal.
3:07 of 3rd period - Stopped by Joey Daccord with a rebound.
3:09 of 3rd period - Wrist shot by Auston Matthews.
3:09 of 3rd period - Shot Blocked by Andrew Peeke.
3:11 of 3rd period - Snap shot by Mika Zibanejad.
3:11 of 3rd period - Goal by Mika Zibanejad - Colorado Rockies : 3 - Vegas Golden Knights : 5.
3:12 of 3rd period - Sean Monahan wins face-off versus Elias Pettersson in neutral zone.
4:33 of 3rd period - Slapshot by Reilly Smith.
4:33 of 3rd period - Shot Misses the Net.
4:51 of 3rd period - Slapshot by Danton Heinen.
4:51 of 3rd period - Shot Misses the Net.
4:53 of 3rd period - Backhand shot by Darren Raddysh.
4:53 of 3rd period - Stopped by Mackenzie Blackwood with a rebound.
4:55 of 3rd period - Wrist shot by Philipp Kurashev.
4:55 of 3rd period - Stopped by Mackenzie Blackwood without a rebound.
4:56 of 3rd period - Mika Zibanejad wins face-off versus Elias Pettersson in Vegas Golden Knights zone.
5:09 of 3rd period - Elias Pettersson is hit by Auston Matthews and loses puck.
5:30 of 3rd period - Off-side.
5:31 of 3rd period - Tim Stutzle wins face-off versus Sean Monahan in neutral zone.
5:34 of 3rd period - Slapshot by Quinn Hughes.
5:34 of 3rd period - Stopped by Mackenzie Blackwood without a rebound.
5:35 of 3rd period - Mika Zibanejad wins face-off versus Casey Cizikas in Vegas Golden Knights zone.
5:35 of 3rd period - Mika Zibanejad is hit by Philipp Kurashev.
5:48 of 3rd period - Backhand shot by Danton Heinen.
5:48 of 3rd period - Stopped by Mackenzie Blackwood with a rebound.
6:11 of 3rd period - Erik Johnson is hit by Andrew Peeke and loses puck.
6:24 of 3rd period - Snap shot by Jesper Bratt.
6:24 of 3rd period - Stopped by Mackenzie Blackwood without a rebound.
6:25 of 3rd period - Jordan Staal wins face-off versus David Pastrnak in Vegas Golden Knights zone.
6:41 of 3rd period - Wrist shot by Reilly Smith.
6:41 of 3rd period - Shot Blocked by Jesper Bratt.
7:20 of 3rd period - Wrist shot by Tyler Toffoli.
7:20 of 3rd period - Shot Misses the Net.
7:22 of 3rd period - Snap shot by Jared McCann.
7:22 of 3rd period - Deflect By Sean Monahan.
7:22 of 3rd period - Stopped by Joey Daccord with a rebound.
7:24 of 3rd period - Wrist shot by Sean Monahan.
7:24 of 3rd period - Stopped by Joey Daccord with a rebound.
7:30 of 3rd period - Minor Penalty to Cam Fowler for Delaying the game.
7:31 of 3rd period - Mika Zibanejad wins face-off versus Tim Stutzle in Colorado Rockies zone.
8:24 of 3rd period - Snap shot by Casey Cizikas.
8:24 of 3rd period - Stopped by Mackenzie Blackwood with a rebound.
9:25 of 3rd period - Minor Penalty to Roman Josi for Cross-checking.
9:26 of 3rd period - Elias Pettersson wins face-off versus Mika Zibanejad in Vegas Golden Knights zone.
9:30 of 3rd period - Penalty to Cam Fowler is over, Cam Fowler is back on ice.
9:43 of 3rd period - Wrist shot by Andreas Athanasiou.
9:43 of 3rd period - Shot Misses the Net.
10:25 of 3rd period - Snap shot by Andreas Athanasiou.
10:25 of 3rd period - Stopped by Joey Daccord without a rebound.
10:26 of 3rd period - Jordan Staal wins face-off versus Tim Stutzle in Colorado Rockies zone.
11:02 of 3rd period - Mathieu Olivier is hit by Michael Bunting and loses puck.
11:25 of 3rd period - Penalty to Roman Josi is over, Roman Josi is back on ice.
11:47 of 3rd period - Wrist shot by Roman Josi.
11:47 of 3rd period - Stopped by Joey Daccord without a rebound.
11:48 of 3rd period - Kevin Hayes wins face-off versus Tyler Toffoli in Colorado Rockies zone.
11:48 of 3rd period - Kevin Hayes is hit by Sean Monahan.
11:54 of 3rd period - Snap shot by Michael Bunting.
11:54 of 3rd period - Deflect By Nick Schmaltz.
11:54 of 3rd period - Shot Misses the Net.
11:54 of 3rd period - Puck is out of play.
11:55 of 3rd period - Tim Stutzle wins face-off versus Jared McCann in Vegas Golden Knights zone.
11:56 of 3rd period - Backhand shot by Kyle Connor.
11:56 of 3rd period - Stopped by Mackenzie Blackwood without a rebound.
11:57 of 3rd period - Sean Monahan wins face-off versus Tim Stutzle in Vegas Golden Knights zone.
11:57 of 3rd period - Sean Monahan is hit by Kyle Connor.
12:40 of 3rd period - Slapshot by Jared McCann.
12:40 of 3rd period - Stopped by Joey Daccord without a rebound.
12:41 of 3rd period - Elias Pettersson wins face-off versus Jordan Staal in Colorado Rockies zone.
13:43 of 3rd period - Snap shot by Mika Zibanejad.
13:43 of 3rd period - Shot Misses the Net.
13:50 of 3rd period - Icing by Martin Fehervary.
13:51 of 3rd period - Jordan Staal wins face-off versus Kevin Hayes in Colorado Rockies zone.
13:57 of 3rd period - Quinn Hughes is hit by Travis Hamonic and loses puck.
14:26 of 3rd period - Darren Raddysh is hit by Jordan Staal and loses puck.
15:22 of 3rd period - Minor Penalty to Travis Hamonic for Tripping.
15:23 of 3rd period - David Pastrnak wins face-off versus Andreas Athanasiou in Vegas Golden Knights zone.
15:34 of 3rd period - Slapshot by Andreas Athanasiou.
15:34 of 3rd period - Shot Misses the Net.
15:42 of 3rd period - Andreas Athanasiou is hit by David Pastrnak.
15:56 of 3rd period - Slapshot by Quinn Hughes.
15:56 of 3rd period - Goal by Quinn Hughes - Colorado Rockies : 4 - Vegas Golden Knights : 5.
15:57 of 3rd period - Casey Cizikas wins face-off versus Mika Zibanejad in neutral zone.
16:02 of 3rd period - Wrist shot by Casey Cizikas.
16:02 of 3rd period - Shot Blocked by Mika Zibanejad.
16:04 of 3rd period - Backhand shot by Philipp Kurashev.
16:04 of 3rd period - Stopped by Mackenzie Blackwood with a rebound.
16:10 of 3rd period - Snap shot by Casey Cizikas.
16:10 of 3rd period - Shot Misses the Net.
16:12 of 3rd period - Slapshot by Philipp Kurashev.
16:12 of 3rd period - Shot Blocked by Roman Josi.
16:43 of 3rd period - Snap shot by Tim Stutzle.
16:43 of 3rd period - Stopped by Mackenzie Blackwood with a rebound.
16:45 of 3rd period - Slapshot by Vince Dunn.
16:45 of 3rd period - Stopped by Mackenzie Blackwood with a rebound.
16:47 of 3rd period - Wrist shot by Pavel Dorofeyev.
16:47 of 3rd period - Shot Misses the Net.
16:49 of 3rd period - Slapshot by Quinn Hughes.
16:49 of 3rd period - Deflect By Pavel Dorofeyev.
16:49 of 3rd period - Stopped by Mackenzie Blackwood with a rebound.
16:51 of 3rd period - Slapshot by Martin Fehervary.
16:51 of 3rd period - Shot Misses the Net.
16:53 of 3rd period - Slapshot by Quinn Hughes.
16:53 of 3rd period - Shot Blocked by Tyler Toffoli.
17:00 of 3rd period - Icing by Zach Bogosian.
17:01 of 3rd period - Elias Pettersson wins face-off versus Mathew Barzal in Vegas Golden Knights zone.
17:28 of 3rd period - Roman Josi is hit by Cam Fowler and loses puck.
18:12 of 3rd period - Minor Penalty to Auston Matthews for Cross-checking.
18:13 of 3rd period - Jordan Staal wins face-off versus Tim Stutzle in Vegas Golden Knights zone.
18:43 of 3rd period - Reilly Smith is hit by Elias Pettersson and loses puck.
18:46 of 3rd period - Colorado Rockies, Joey Daccord is pulled from the net.
19:07 of 3rd period - Icing by David Pastrnak.
19:08 of 3rd period - Joey Daccord from Colorado Rockies was sent back in the game.
19:08 of 3rd period - Jordan Staal wins face-off versus Tim Stutzle in Colorado Rockies zone.
19:48 of 3rd period - Thomas Chabot is hit by Cam Fowler and loses puck.
Goals for this period are 2 for Colorado Rockies vs 1 for Vegas Golden Knights.
Shots for this period are 13 for Colorado Rockies vs 10 for Vegas Golden Knights.